 Dungeon Crawl Stone Soup version 0.27-a0-1188-g73eefd5def (webtiles) character file.

Game seed: 5041389110609094178

19415 Ijustatesigmund the Blocker (level 12, -1/108 HPs)
             Began as a Hill Orc Fighter on May 21, 2021.
             Was a Priest of Cheibriados.
             Killed from afar by a balrug (19 damage)
             ... with a bolt of fire
             ... on level 3 of the Abyss.
             The game lasted 00:37:34 (14940 turns).

Ijustatesigmund the Blocker (Hill Orc Fighter)     Turns: 14940, Time: 00:37:34

Health: -1/108     AC: 17    Str: 27    XL:     12   Next: 68%
Magic:  0/18       EV: 18    Int: 16    God:    Cheibriados [***...]
Gold:   2083       SH: 16    Dex: 20    Spells: 11/11 levels left

rFire    + . .     SeeInvis .   a - +4 war axe (freeze)
rCold    . . .     Faith    .   H - +2 kite shield {rF+}
rNeg     . . .     Spirit   +   b - +3 scale mail {rPois}
rPois    +         Reflect  .   y - +1 helmet
rElec    .         Harm     .   z - +1 cloak
rCorr    +         Rampage  .   u - +0 pair of gloves
Will     .....                  (no boots)
Stlth    ..........             B - amulet of guardian spirit
HPRegen  0.28/turn              i - +4 ring of evasion
MPRegen  0.16/turn              p - ring of resist corrosion

@: studying Shields, very slow
A: no striking features
a: Renounce Religion, Bend Time, Temporal Distortion


You were on level 3 of the Abyss.
You worshipped Cheibriados.
Cheibriados was most pleased with you.
You visited 2 branches of the dungeon, and saw 14 of its levels.
You visited the Abyss 2 times.
You also visited: Ossuary and Bailey.

You collected 2083 gold pieces.

Inventory:

Hand Weapons
 a - a +4 war axe of freezing (weapon)
 x - a +0 flail of holy wrath
Missiles
 w - 13 atropa-tipped darts (quivered)
 D - a throwing net
Armour
 b - a +3 scale mail of poison resistance (worn)
 u - a +0 pair of gloves (worn)
 y - a +1 helmet (worn)
 z - a +1 cloak (worn)
 H - a +2 kite shield of fire resistance (worn)
Jewellery
 i - a +4 ring of evasion (left hand)
 k - a ring of ice
 o - a ring of ice
 p - a ring of resist corrosion (right hand)
 s - a ring of flight
 B - an amulet of guardian spirit (around neck)
Wands
 v - a wand of mindburst (14)
 C - a wand of paralysis (26)
Scrolls
 l - a scroll of magic mapping
 n - 2 scrolls of enchant armour
 t - 5 scrolls of amnesia
 A - a scroll of silence
 G - 2 scrolls of teleportation
 I - a scroll of fog
Potions
 d - a potion of cancellation {unknown}
 e - 6 potions of brilliance
 f - 10 potions of curing
 g - a potion of might
 h - 4 potions of attraction
 j - 6 potions of magic
 m - a potion of mutation
 r - 2 potions of flight
 E - a potion of resistance
 F - a potion of experience {unknown}
 K - a potion of lignification {unknown}
 L - a potion of ambrosia {unknown}
Miscellaneous
 c - a phantom mirror
 J - a condenser vane


   Skills:
 * Level 10.8 Fighting
 + Level 11.6 Axes
 - Level 9.2 Armour
 - Level 6.5 Dodging
 + Level 13.3 Shields
 + Level 8.1 Invocations
 - Level 3.1 Evocations


You had 11 spell levels left.
You didn't know any spells.
Your spell library contained the following spells:

 Spells                   Type           Power      Damage    Failure   Level
 Animate Skeleton         Necr           0%         N/A       52%         1
 Freeze                   Ice            0%         1d3       52%         1
 Pain                     Necr           0%         1d4       52%         1
 Sandblast                Erth           0%         2d4       52%         1
 Passwall                 Tmut/Erth      0%         N/A       67%         2
 Confusing Touch          Hex            0%         N/A       88%         3
 Frozen Ramparts          Ice            0%         1d2       88%         3
 Gell's Gravitas          Tloc           0%         N/A       88%         3
 Ozocubu's Armour         Ice            0%         N/A       88%         3
 Stone Arrow              Conj/Erth      0%         3d7       88%         3
 Vampiric Draining        Necr           0%         2d6       88%         3
 Animate Dead             Necr           0%         N/A       99%         4
 Hailstorm                Conj/Ice       0%         3d3       99%         4
 Petrify                  Tmut/Erth      0%         N/A       99%         4
 Agony                    Necr           0%         N/A       100%        5
 Lee's Rapid Deconstruct  Erth           0%         3d5*      100%        5
 Metabolic Englaciation   Hex/Ice        0%         N/A       100%        5
 Yara's Violent Unravell  Hex/Tmut       0%         3d3       100%        5


Dungeon Overview and Level Annotations

Branches:
Dungeon (13/15)            Temple (1/1) D:5            Lair (0/6) D:9
    Orc (0/2) D:12        Ossuary (visited)          Bailey (visited)
 Vaults: D:13-14

Altars:
Ashenzari
Cheibriados
Dithmenos
Elyvilon
Fedhas
Gozag
Hepliaklqana
Kikubaaqudgha
Makhleb
Nemelex Xobeh
Okawaru
Qazlal
Ru
Sif Muna
Trog
Uskayaw
Vehumet
Wu Jian
Xom
Yredelemnul
Zin
The Shining One

Shops:
D:8 :   D:9 (


Message History

Your Invocations skill increases to level 8!
You feel much better. The balrug gestures at you. Something smites you!
The raiju closely misses you.
You hit the balrug. You freeze the balrug.
The balrug is lightly wounded.
You closely miss the sun demon. You hit the raiju. You freeze the raiju.
The balrug hits you with a +2 vampiric demon whip!
You are engulfed in flames!
You resist. The sun demon hits you!
* * * LOW HITPOINT WARNING * * *
You are engulfed in flames!
You resist.
* * * LOW HITPOINT WARNING * * *
You block the raiju's attack.
Okay, then.
You feel much better. The balrug gestures at you. Something smites you!
* * * LOW HITPOINT WARNING * * *
The sun demon hits you.
* * * LOW HITPOINT WARNING * * *
You are engulfed in flames.
You resist.
* * * LOW HITPOINT WARNING * * *
The raiju misses you.
You slash the balrug! You freeze the balrug.
The balrug is lightly wounded.
You miss the raiju. You hit the sun demon but do no damage.
The sun demon is no longer moving slowly.
The balrug gestures at you. You block the sticky flame.
You block the sun demon's attack. The raiju bites you but does no damage.
You hit the balrug. You freeze the balrug.
The balrug is lightly wounded.
You slash the raiju! You freeze the raiju.
You hit the sun demon but do no damage. The balrug gestures at you.
The bolt of fire misses you. You block the sun demon's attack.
The raiju bites you but does no damage. The balrug gestures at you.
The bolt of fire hits you!! You resist.
You die...

' # . .## .# #
.# ...# # . ..
. ..#. .. .#.
...## # . # #
..##. .# .# .
# .. #.#.#.#
#. .[.
##....####.#
.. ###32##
#..# .. .
##...@### .#
.#.##h..##..#
. #
.##.##....## .
. #...#..#...#
# #
.#....##..#
### #
...#.#...#.##.
.# ##.
#...####. .##
.# ## .##
.#...# # #..#
....# ###


You could see a balrug, a sun demon and a raiju.

Vanquished Creatures
  A hydra (D:13)
  2 centaur warriors
  A two-headed ogre (D:12)
  A tengu warrior (D:13)
  A sun demon (Abyss:3)
  A wizard (D:13)
  An orc knight (Bailey)
  An ugly thing (D:12)
  3 cyclopes
  A gargoyle (D:10)
  A smoke demon (Abyss:3)
  3 unseen horrors
  Psyche (D:8)
  A komodo dragon (D:12)
  A tengu conjurer (D:13)
  An ancient zyme (Abyss:1)
  3 trolls
  A queen bee (shapeshifter) (D:13)
  A hornet (D:10)
  Sigmund (D:6)
  3 vampires
  A shadow (D:10)
  2 wraiths
  9 humans (D:13)
  A wyvern (D:10)
  4 yaks (D:10)
  A steam dragon (D:7)
  10 vampire mosquitoes
  A water moccasin (D:6)
  3 orc warriors
  3 starcursed masses (Abyss:1)
  3 ice beasts
  4 wolves (D:9)
  An ogre (D:4)
  6 centaurs
  A kobold brigand (D:7)
  An elf zombie (D:5)
  2 bullfrogs
  2 elf skeletons (D:5)
  4 scorpions
  A gnoll sergeant (D:9)
  A wyvern zombie (D:8)
  19 killer bees
  5 electric eels (D:9)
  8 howler monkeys
  2 crimson imps
  4 centaur zombies
  A human zombie (D:5)
  6 hounds
  2 jellies
  3 bullfrog skeletons
  2 orc priests (D:8)
  2 iguanas
  2 orc wizards
  Terence (D:3)
  A killer bee zombie (D:5)
  A hound zombie (D:5)
  A hound skeleton (D:5)
  A howler monkey zombie (D:6)
  8 mummies (Ossuary)
  10 gnolls
  6 adders
  An ufetubus (D:5)
  An adder skeleton (D:4)
  2 dart slugs
  The ghost of EnegeticOcto the Sneak, a weakling SpDe (D:5)
  18 orcs
  9 endoplasms
  4 giant cockroaches
  3 gnoll zombies (Ossuary)
  12 goblins
  11 hobgoblins
  3 quokkas
  8 ball pythons
  4 bats
  2 frilled lizards (D:2)
  4 hobgoblin zombies (Ossuary)
  15 kobolds
  A kobold skeleton (D:4)
  6 kobold zombies
  2 orc skeletons
  3 orc zombies
  4 rats
  A spectral orc (D:5)
  A bush (D:1)
292 creatures vanquished.

Vanquished Creatures (collateral kills)
  A gnoll (D:5)
1 creature vanquished.

Vanquished Creatures (others)
  10 plants
10 creatures vanquished.

Grand Total: 303 creatures vanquished

Notes
Turn   | Place    | Note
-------+----------+-------------------------------------------
     0 | D:1      | Ijustatesigmund the Hill Orc Fighter began the quest for
                  | the Orb.
     0 | D:1      | Reached XP level 1. HP: 19/19 MP: 1/1
   257 | D:1      | Reached XP level 2. HP: 24/27 MP: 2/2
   929 | D:1      | Reached XP level 3. HP: 24/33 MP: 3/3
  2174 | D:3      | Reached XP level 4. HP: 41/41 MP: 4/4
  2195 | D:3      | Found a faded altar of an unknown god.
  2198 | D:3      | Reached skill level 5 in Axes
  2268 | D:3      | Identified a scroll of acquirement
  2268 | D:3      | Acquired 867 gold pieces
  2558 | D:3      | Noticed Terence
  2562 | D:3      | Killed Terence
  2696 | D:3      | Found a shimmering altar of Xom.
  2697 | D:3      | Found a burning altar of Makhleb.
  2700 | D:3      | Reached XP level 5. HP: 44/47 MP: 5/5
  2756 | D:3      | Found a shadowy altar of Dithmenos.
  2756 | D:3      | Found a shimmering blue altar of Sif Muna.
  2877 | D:4      | Reached skill level 5 in Fighting
  2891 | D:4      | Reached XP level 6. HP: 23/56 MP: 6/6
  3273 | D:4      | Found a glowing golden altar of the Shining One.
  3696 | D:5      | Entered Level 5 of the Dungeon
  3729 | D:5      | Reached XP level 7. HP: 62/62 MP: 7/7
  3761 | D:5      | Noticed EnegeticOcto's ghost (weakling SpDe)
  3764 | D:5      | Found a runed translucent door.
  3808 | D:5      | Found a white marble altar of Elyvilon.
  3844 | D:5      | Reached skill level 1 in Dodging
  3863 | D:5      | Reached skill level 4 in Shields
  3874 | D:5      | Found a sand-covered staircase.
  3890 | Ossuary  | Entered an ossuary
  4203 | D:5      | Reached XP level 8. HP: 65/70 MP: 8/8
  4547 | D:5      | Reached skill level 5 in Armour
  4547 | D:5      | Reached skill level 5 in Shields
  4716 | D:5      | Found a basalt altar of Yredelemnul.
  4756 | D:5      | Found a staircase to the Ecumenical Temple.
  5200 | D:5      | Killed EnegeticOcto's ghost
  5297 | D:6      | Found a sparkling altar of Nemelex Xobeh.
  5319 | D:6      | Noticed Sigmund
  5332 | D:6      | Killed Sigmund
  5488 | D:6      | Reached skill level 6 in Shields
  5858 | D:6      | Reached XP level 9. HP: 60/75 MP: 9/9
  6004 | D:7      | Found a broken altar of Ashenzari.
  6138 | D:7      | Found a faded altar of an unknown god.
  6161 | D:7      | Found a hazy altar of Hepliaklqana.
  6248 | D:7      | Reached skill level 7 in Shields
  6447 | D:7      | Found a hide-covered altar of Uskayaw.
  6539 | D:7      | Found a stormy altar of Qazlal.
  7055 | D:8      | Noticed Psyche
  7064 | D:8      | Cast into level 1 of the Abyss (Psyche)
  7090 | Abyss:1  | Noticed a starcursed mass
  7104 | Abyss:1  | Killed a starcursed mass
  7108 | Abyss:1  | Killed a starcursed mass
  7109 | Abyss:1  | Reached skill level 5 in Dodging
  7109 | Abyss:1  | Killed a starcursed mass
  7110 | Abyss:1  | Reached skill level 8 in Shields
  7120 | Abyss:1  | Noticed an ancient zyme
  7126 | Abyss:1  | Killed an ancient zyme
  7127 | Abyss:1  | Reached XP level 10. HP: 30/83 MP: 5/10
  7129 | D:8      | Escaped the Abyss
  7138 | D:8      | Killed Psyche
  8031 | D:8      | Found Wounlykk's Book Shoppe.
  8406 | D:9      | Found Othatu's Antique Weapon Boutique.
  8438 | D:9      | Found a flagged portal.
  8450 | Bailey   | Entered a bailey
  8459 | Bailey   | Noticed an orc warlord
  8512 | Bailey   | Noticed an orc knight
  8544 | Bailey   | Killed an orc knight
  8545 | Bailey   | Reached skill level 9 in Shields
  8914 | Bailey   | Found a runed translucent gate.
  8917 | Bailey   | Found a runed translucent gate.
  8918 | Bailey   | Found a runed translucent gate.
  9035 | D:9      | Acquired a manual of Shields
  9252 | D:9      | Reached skill level 10 in Shields
  9273 | D:9      | Found a staircase to the Lair.
  9319 | D:9      | Found a radiant altar of Vehumet.
  9680 | Temple   | Entered the Ecumenical Temple
  9888 | Temple   | Became a worshipper of Cheibriados the Contemplative
 10196 | D:10     | Entered Level 10 of the Dungeon
 10364 | D:10     | Reached skill level 1 in Invocations
 10536 | D:10     | Reached XP level 11. HP: 92/92 MP: 12/12
 11177 | D:11     | Reached * piety under Cheibriados
 11182 | D:11     | Reached skill level 11 in Shields
 11182 | D:11     | Noticed a cyclops
 11562 | D:11     | Killed a cyclops
 11682 | D:11     | Reached skill level 10 in Axes
 11760 | D:11     | Noticed a centaur warrior
 11774 | D:11     | Killed a centaur warrior
 11774 | D:11     | Reached ** piety under Cheibriados
 11775 | D:11     | Reached skill level 5 in Invocations
 12375 | D:12     | Noticed a purple ugly thing
 12392 | D:12     | Killed a purple ugly thing
 12569 | D:12     | Reached skill level 12 in Shields
 12706 | D:12     | Found a staircase to the Orcish Mines.
 13161 | D:12     | Noticed a two-headed ogre
 13167 | D:12     | Killed a two-headed ogre
 13251 | D:12     | Noticed a cyclops
 13260 | D:12     | Killed a cyclops
 13434 | D:12     | Reached XP level 12. HP: 104/104 MP: 16/16
 13615 | D:13     | Reached skill level 1 in Evocations
 13707 | D:13     | Noticed a centaur warrior
 13713 | D:13     | Killed a centaur warrior
 13827 | D:13     | Noticed an eight-headed hydra
 13849 | D:13     | Killed an eight-headed hydra
 13895 | D:13     | Reached skill level 10 in Fighting
 14306 | D:13     | Noticed a tengu warrior
 14319 | D:13     | Killed a tengu warrior
 14516 | D:13     | Found a shadowy altar of Dithmenos.
 14622 | D:13     | Reached skill level 13 in Shields
 14761 | D:13     | Reached *** piety under Cheibriados
 14863 | D:13     | Cast into level 3 of the Abyss (a wizard)
 14865 | Abyss:3  | Found a corrupted altar of Lugonu.
 14923 | Abyss:3  | Noticed a sun demon
 14924 | Abyss:3  | Noticed a sun demon
 14924 | Abyss:3  | Noticed a balrug
 14935 | Abyss:3  | Killed a sun demon
 14940 | Abyss:3  | Killed from afar by a balrug

Illustrated notes

Levels and vault maps discovered:
D:1:      lordsloth_arrival_two_stooges, layout_loops_ring, minmay_hedge_maze,
          minmay_close_crescents
D:2:      layout_loops_ring, st_stairs_8
D:3:      layout_rooms, grunt_temple_overflow_champion_of_chaos,
          gammafunk_temple_overflow_statue,
          hellmonk_ecumenical_altar_arch_garden, minmay_shallow_snake_nest,
          uniq_terence
D:4:      layout_loops_cross, nicolae_tso_besieged_by_evil, serial_glass,
          glass_columns_c, glass_columns_a
D:5:      layout_loops_ring, yredelemnul_forgotten_temple_becter,
          nicolae_overflow_crystal_walls, minmay_temple_entry_large_hall,
          nicolae_ossuary_entry_catacombs, hellmonk_ghost_happy_afterlife,
          minmay_misc_feat_pillars, minmay_puff
D:6:      layout_basic, lemuel_crystal_altar, kennysheep_generic_room_4,
          uniq_sigmund
D:7:      layout_loops_ring, amcnicky_altar_gilded,
          beargit_hepliaklqana_dungeon_heroes, lemuel_tele_altar,
          nicolae_uskayaw_murder_on_the_dancefloor
D:8:      layout_loops_cross, serial_shops, kennysheep_little_box,
          hangedman_decor_riveting, uniq_psyche
D:9:      layout_rooms, overflow_temple_1_default, erik_lair_island,
          serial_shops, nicolae_shop_waterfront, enter_bailey_3, serial_bayou,
          serial_bayou_crossing, serial_bayou_pond_d, serial_bayou_shore_a,
          serial_bayou_ford_a, serial_bayou_pond_d
D:10:     layout_small_grid
D:11:     layout_cave_pools
D:12:     layout_loops_ring, orc_0_dummy
D:13:     layout_loops_ring, grunt_vaults_entry_tiered,
          nicolae_dithmenos_through_a_glass_darkly
Temple:   jpeg_temple_island
Abyss:3:  base:
D:11

Skill      XL: |  1  2  3  4  5  6  7  8  9 10 11 12 |
---------------+-------------------------------------+-----
Axes           | 3 4 6 7 9 10 11 | 11.6
Fighting       | 4 5 7 9 10 | 10.8
Dodging        | 2 3 5 6 |  6.5
Armour         | 4 6 8 9 |  9.2
Shields        | 4 6 8 10 12 13 | 13.3
Invocations    | 2 6 8 |  8.1
Evocations     | 3 |  3.1

Action                   |  1- 3 |  4- 6 |  7- 9 | 10-12 || total
-------------------------+-------+-------+-------+-------++-------
Melee: War axe           |   141 |   127 |   270 |   599 ||  1137
       Flail             |       |       |       |    15 ||    15
Throw: Dart              |       |       |       |     3 ||     3
Invok: Bend Time         |       |       |       |     2 ||     2
Evoke: Wand              |       |       |       |    12 ||    12
  Use: Scroll            |     7 |     9 |     7 |    13 ||    36
       Potion            |       |       |     5 |     9 ||    14
Armor: Scale mail        |    39 |    28 |    85 |   287 ||   439
       Chain mail        |    12 |    23 |       |       ||    35
       Skin              |       |       |     8 |       ||     8
Dodge: Dodged            |    35 |    26 |   104 |   517 ||   682
Block: Kite shield       |    42 |    76 |   162 |   724 ||  1004

Table legend: (Time is in decaauts)
 A = Elapsed time spent in this place.
 B = Non-inter-level travel time spent in this place.
 C = Inter-level travel time spent in this place.
 D = Time resting spent in this place.
 E = Time spent auto-exploring this place.
 F = Levels seen in this place.
 G = Mean time per level.
                   A        B        C        D        E       F      G
               +--------+--------+--------+--------+--------+-----+--------+
         Total |  16371 |  15617 |    754 |   2107 |  10345 |  18 |  909.5 |
       Dungeon |  15055 |  14359 |    696 |   1814 |   9925 |  13 | 1158.1 |
        Temple |    270 |    213 |     57 |      0 |    211 |   1 |  270.0 |
         Abyss |    170 |    170 |      0 |     26 |     16 |   2 |   85.0 |
       Ossuary |    298 |    298 |      0 |     24 |    173 |   1 |  298.0 |
        Bailey |    576 |    576 |      0 |    243 |     20 |   1 |  576.0 |
               +--------+--------+--------+--------+--------+-----+--------+

Top non-repeatable levels by time:
    D:12: 1718 daAuts
    D:13: 1661 daAuts
     D:5: 1536 daAuts
    D:10: 1495 daAuts
     D:1: 1348 daAuts
     D:8: 1308 daAuts
     D:7: 1053 daAuts
     D:2: 894 daAuts
     D:9: 872 daAuts
     D:4: 857 daAuts
    D:11: 827 daAuts
     D:6: 756 daAuts
     D:3: 722 daAuts
  Bailey: 576 daAuts
 Ossuary: 298 daAuts
